 Dungeon Crawl Stone Soup version 0.23.2-1-ga50397a (webtiles) character file.

Game seed: 11191604384251766765

735 forest the Sneak (level 7, -2/35 HPs)
             Began as a Spriggan Assassin on June 1, 2019.
             Killed from afar by Bluemoon111's ghost (11 damage)
             ... with a blast of sand
             ... on level 3 of the Dungeon.
             The game lasted 00:23:39 (7296 turns).

forest the Sneak (Spriggan Assassin)                Turns: 7296, Time: 00:23:39

Health: -2/35      AC:  3    Str:  8    XL:     7   Next: 45%
Magic:  8/8        EV: 20    Int: 13    God:
Gold:   186        SH:  0    Dex: 22    Spells: 6/6 levels left

rFire    + . .     SeeInvis +   v - +0 dagger of Goabi {pain, rPois rN+ MR+ Dex+4} (curse)
rCold    x . .     Gourm    .   (shield restricted)
rNeg     + . .     Faith    .   r - +0 robe {MR+}
rPois    +         Spirit   .   (helmet restricted)
rElec    .         Reflect  .   d - +0 cloak
rCorr    .         Harm     .   (gloves unavailable)
MR       +++..                  (boots unavailable)
Stlth    ++++......             n - amulet of the acrobat
HPRegen  0.11/turn              i - ring of poison resistance
MPRegen  0.11/turn              o - ring of fire

@: very quick
A: very small, unfitting armour, see invisible, herbivore, speed 3, slow
metabolism 2
a: no special abilities


You were on level 3 of the Dungeon.
You were hungry.

You visited 1 branch of the dungeon, and saw 4 of its levels.

You collected 186 gold pieces.

Inventory:

Hand Weapons
 a - a +2 dagger
 b - a +1 blowgun
 e - a +1 short sword of protection
 m - a +0 hunting sling
 v - the cursed +0 dagger of Goabi (weapon) {pain, rPois rN+ MR+ Dex+4}
   (You took it off an orc on level 3 of the Dungeon)

   In the hands of one skilled in necromantic magic, it inflicts extra damage on
   living creatures.
   It affects your dexterity (+4).
   It protects you from poison.
   It protects you from negative energy.
   It affects your resistance to hostile enchantments.
   It has a curse placed upon it.
Missiles
 f - 2 curare-tipped needles
 s - 9 poisoned needles
 t - 2 tomahawks (quivered)
Armour
 d - a +0 cloak (worn)
 r - a +0 robe of magic resistance (worn)
 u - a +2 robe of the Archmagi
Jewellery
 i - a ring of poison resistance (left hand)
 j - an uncursed ring of ice
 n - an amulet of the acrobat (around neck)
 o - a ring of fire (right hand)
Scrolls
 l - 4 scrolls of identify
 q - 2 scrolls of enchant weapon
Potions
 k - a potion of agility
 p - a potion of curing
Comestibles
 g - 3 rations


   Skills:
 + Level 2.9 Fighting
 + Level 4.7 Short Blades
 + Level 4.3(5.3) Slings
 + Level 3.8(4.5) Throwing
 + Level 4.2 Dodging
 + Level 7.6 Stealth


You had 6 spell levels left.
You didn't know any spells.
Your spell library was empty.

Dungeon Overview and Level Annotations

Branches:
Dungeon (4/15)
 Temple: D:4-7

Altars:
Ru
Xom
Beogh

Annotations:
D:3 Bluemoon111's ghost, amateur GrEE


Innate Abilities, Weirdness & Mutations

You are very small and have problems with some larger weapons.
You are too small for most types of armour.
You have supernaturally acute eyesight. (SInv)
You are a herbivore.
You cover ground extremely quickly.
You need to consume almost no food.


Message History

Bluemoon111's ghost casts a spell at you.
The blast of sand misses you.
Throwing (i - inventory)
t - 4 tomahawks (quivered)
Press: ? - help, Shift-Dir - straight line, f/p - Bluemoon111's ghost
Aim: Bluemoon111's ghost, wielding a weapon of freezing (almost destroyed)
You throw a tomahawk.
The tomahawk barely misses Bluemoon111's ghost.
Bluemoon111's ghost stares at you.
Bluemoon111's ghost points at you and mumbles some strange words.
The blast of sand hits you.
* * * LOW HITPOINT WARNING * * *
Throwing (i - inventory)
t - 3 tomahawks (quivered)
Press: ? - help, Shift-Dir - straight line, f/p - Bluemoon111's ghost
Aim: Bluemoon111's ghost, wielding a weapon of freezing (almost destroyed)
You throw a tomahawk.
The tomahawk hits Bluemoon111's ghost but does no damage.
Bluemoon111's ghost is almost destroyed.
Bluemoon111's ghost casts a spell at you.
The blast of sand hits you!
You die...

8....[_[.o..8 o.o.o..o .. #
########## #.#8#..8.. 8#.#
((...[<<.#########.###..oo.###.#
.####.((((.(.W..@#....#####....#
.# #.##.#########.........oo..#
#####.##.# #######'''#######
#....##.# #8.............8#
#.#####.# ##...o......##### #.#
#># ##.........# #.# #.#
####...#### ##.#####[# #.).#
#......#.### #.†.#


You could see Bluemoon111's ghost.

Vanquished Creatures
  Eustachio (D:4)
  An ogre (D:3)
  A water moccasin skeleton (D:4)
  3 orc priests (D:3)
  Crazy Yiuf (D:2)
  2 orc wizards
  Jessica (D:3)
  Terence (D:3)
  Natasha (twice) (D:3)
  Robin (D:1)
  6 adders
  An ooze (D:1)
  3 worms
  A dart slug (D:3)
  2 leopard geckos (D:3)
  11 orcs (D:3)
  3 giant cockroaches
  19 goblins
  10 hobgoblins
  12 jackals
  A quokka (D:2)
  8 bats
  7 frilled lizards
  9 kobolds
  7 rats
114 creatures vanquished.

Vanquished Creatures (others)
  2 plants (D:3)
2 creatures vanquished.

Grand Total: 116 creatures vanquished

Notes
Turn   | Place    | Note
-------+----------+-------------------------------------------
     0 | D:1      | forest the Spriggan Assassin began the quest for the Orb.
     0 | D:1      | Reached XP level 1. HP: 10/10 MP: 2/2
    29 | D:1      | Reached skill level 6 in Stealth
   271 | D:1      | Reached XP level 2. HP: 15/15 MP: 3/3
  1049 | D:2      | Reached XP level 3. HP: 11/18 MP: 4/4
  1655 | D:2      | Reached skill level 7 in Stealth
  2146 | D:2      | Reached XP level 4. HP: 10/23 MP: 5/5
  2410 | D:2      | Noticed Robin
  3186 | D:1      | Killed Robin
  3343 | D:2      | Found a shimmering altar of Xom.
  3574 | D:2      | Found a runed translucent door.
  3575 | D:2      | Noticed Crazy Yiuf
  3656 | D:2      | Reached skill level 1 in Slings
  4185 | D:2      | Killed Crazy Yiuf
  4185 | D:2      | Reached XP level 5. HP: 22/26 MP: 6/6
  5171 | D:3      | Noticed Terence
  5223 | D:3      | Noticed Jessica
  5280 | D:3      | Killed Jessica
  5377 | D:3      | Killed Terence
  5461 | D:3      | Reached XP level 6. HP: 16/31 MP: 7/7
  5853 | D:3      | Found a sacrificial altar of Ru.
  5887 | D:3      | Noticed Natasha
  5890 | D:3      | Killed Natasha
  6692 | D:3      | Noticed Natasha
  6703 | D:3      | Found a runed translucent gate.
  6703 | D:3      | Found a runed translucent gate.
  6703 | D:3      | Found a runed translucent gate.
  6705 | D:3      | Killed Natasha
  6743 | D:3      | Noticed Bluemoon111's ghost (amateur GrEE)
  6782 | D:3      | Reached XP level 7. HP: 35/35 MP: 8/8
  6806 | D:4      | Noticed Eustachio
  6818 | D:4      | Killed Eustachio
  7002 | D:3      | Identified the cursed +0 dagger of Goabi {pain, rPois rN+
                  | MR+ Dex+4}
  7004 | D:3      | Found a roughly hewn altar of Beogh.
  7296 | D:3      | Killed from afar by Bluemoon111's ghost

Skill      XL: |  1  2  3  4  5  6  7 |
---------------+----------------------+-----
Stealth        | 6 7 |  7.6
Short Blades   | 3 4 |  4.7
Dodging        | 2 3 4 |  4.2
Fighting       | 2 |  2.9
Slings         | 2 3 4 |  4.3
Throwing       | 3 |  3.8

Action                   |  1- 3 |  4- 6 |  7- 9 || total
-------------------------+-------+-------+-------++-------
Melee: Dagger            |   193 |   164 |    14 ||   371
       Short sword       |       |    64 |    52 ||   116
 Fire: Hunting sling     |       |   106 |       ||   106
       Blowgun           |       |    40 |       ||    40
Throw: Stone             |       |    10 |    81 ||    91
       Tomahawk          |       |       |     3 ||     3
  Use: Potion            |     3 |       |       ||     3
       Scroll            |     3 |     1 |     1 ||     5
 Stab: Sleeping          |     6 |     4 |     1 ||    11
       Distracted        |     1 |       |       ||     1
  Eat: Ration            |       |     2 |       ||     2
Armor: Robe              |    34 |    32 |    16 ||    82
Dodge: Dodged            |   185 |   229 |    68 ||   482
